 Dungeon Crawl Stone Soup version 0.25.0-9-g26727b657a (webtiles) character file.

Game seed: 6506553767915854230

206 Esekla the Ducker (level 5, -2/29 HPs)
             Began as a Deep Elf Warper on June 20, 2020.
             Was an Initiate of Vehumet.
             Killed by divine providence
             ... invoked by an orc priest
              (16 damage)
             ... on level 3 of the Dungeon.
             The game lasted 00:32:38 (6164 turns).

Esekla the Ducker (Deep Elf Warper)                 Turns: 6164, Time: 00:32:38

Health: -2/29      AC:  6    Str:  8    XL:     5   Next: 53%
Magic:  12/12      EV: 13    Int: 18    God:    Vehumet [......]
Gold:   126        SH:  0    Dex: 15    Spells: 7/11 levels left

rFire    + . .     SeeInvis .   a - +0 falchion
rCold    + . .     Gourm    .   (no shield)
rNeg     . . .     Faith    .   m - +1 leather armour {rC+}
rPois    .         Spirit   .   b - +0 helmet
rElec    .         Reflect  .   n - +0 cloak
rCorr    .         Harm     .   (no gloves)
MR       .....                  (no boots)
Stlth    +.........             (no amulet)
HPRegen  0.09/turn              l - ring of protection from fire
MPRegen  0.13/turn              (no ring)

@: no status effects
A: no striking features
a: Renounce Religion


You were on level 3 of the Dungeon.
You worshipped Vehumet.
Vehumet was noncommittal.
You were very hungry.

You visited 2 branches of the dungeon, and saw 5 of its levels.

You collected 126 gold pieces.

Inventory:

Hand Weapons
 a - a +0 falchion (weapon)
 g - a +0 spear
 v - a +1 short sword of venom
Missiles
 e - 5 boomerangs of dispersal
 i - 2 boomerangs (quivered)
Armour
 b - a +0 helmet (worn)
 m - a +1 leather armour of cold resistance (worn)
 n - a +0 cloak (worn)
Jewellery
 l - a ring of protection from fire (left hand)
Scrolls
 c - a scroll of identify
 d - a scroll of blinking
 j - a scroll of amnesia {unknown}
 o - a scroll of fear
 p - a scroll of teleportation {unknown}
 s - a scroll of random uselessness {unknown}
 u - a scroll of immolation {unknown}
Potions
 h - a potion of curing
 k - 2 potions of resistance
 q - a potion of brilliance {unknown}
 r - a potion of haste {unknown}
 t - a potion of might {unknown}
Comestibles
 f - 7 rations


   Skills:
 - Level 1.5 Fighting
 * Level 3.7 Long Blades
 + Level 1.1 Throwing
 - Level 0.7 Armour
 * Level 4.0 Dodging
 * Level 3.7 Spellcasting
 * Level 2.3 Charms
 + Level 3.7 Translocations


You had 7 spell levels left.
You knew the following spells:

 Your Spells              Type           Power        Failure   Level  Hunger
a - Shroud of Golubria    Chrm/Tloc      ##....       9%          2    ##.....
b - Blink                 Tloc           N/A          7%          2    ##.....

Your spell library contained the following spells:

 Spells                   Type           Power        Failure   Level  Hunger
 Gell's Gravitas          Tloc           ###.......   14%         3    ###....
 Lesser Beckoning         Tloc           ###.......   14%         3    ###....
 Teleport Other           Tloc           ###.....     14%         3    ###....
 Passage of Golubria      Tloc           N/A          41%         4    ####...


Dungeon Overview and Level Annotations

Branches:
Dungeon (4/15)             Temple (1/1) D:4

Altars:
Ashenzari
Cheibriados
Dithmenos
Fedhas
Gozag
Hepliaklqana
Makhleb
Nemelex Xobeh
Okawaru
Qazlal
Ru
Sif Muna
Trog
Uskayaw
Vehumet
Wu Jian
Yredelemnul
Zin
The Shining One


Message History

The orc priest is moderately wounded.
Your shroud unravels.
The orc priest closely misses you.
You hit the orc priest.
The orc priest is heavily wounded.
The orc priest hits you with a +0 falchion.
You hit the orc priest.
The orc priest is severely wounded.
The orc priest barely misses you.
You barely miss the orc priest.
The orc priest is severely wounded.
The orc priest calls down the wrath of Beogh upon you.
Beogh smites you!
Okay, then.
You hit the orc priest.
The orc priest is almost dead.
The orc priest calls down the wrath of Beogh upon you.
Beogh smites you!
Ouch! That really hurt!
You die...

#.###.####........##.## #.####
##.#.## ##.####..#...#####.##
#...# #............)o..)..# ##'##
#..####..#...#####..#
#.[.#####..####[.##.######..#
#...#............##.##...#..#
###.8.####.....##.............#
#.#.⌠.#.....<..##..##.........###
#.#.8.#........o@..##............
..#...#####...####.###...........
###...# ##...<...# ##.o..#.###.
##'## ######### #)...#.# . #...#
#.#.##.# ##.#.## #.#o##.# #.###.#
#.#.##.# ##.# #.## #.#o##.# #.##
##.# #.#.##.#


You could see an orc priest.

Vanquished Creatures
  An orc priest (D:3)
  A worker ant zombie (D:3)
  A howler monkey zombie (D:3)
  3 adders
  4 gnolls
  An adder skeleton (D:3)
  An adder zombie (D:3)
  3 leopard geckos
  13 orcs
  2 ball pythons
  4 giant cockroaches
  10 goblins
  3 hobgoblins
  A ball python skeleton (D:3)
  7 bats
  2 frilled lizards
  6 kobolds (D:1)
  10 rats
73 creatures vanquished.

Notes
Turn   | Place    | Note
-------+----------+-------------------------------------------
     0 | D:1      | Esekla the Deep Elf Warper began the quest for the Orb.
     0 | D:1      | Reached XP level 1. HP: 12/12 MP: 6/6
   561 | D:2      | Found an iron altar of Okawaru.
   654 | D:2      | Reached XP level 2. HP: 6/16 MP: 8/8
   858 | D:2      | Learned a level 2 spell: Shroud of Golubria
   861 | D:2      | Learned a level 2 spell: Blink
   870 | D:2      | Found a sacrificial altar of Ru.
  1464 | D:1      | You fall into a shaft and drop 1 floor!
  1699 | D:3      | Reached XP level 3. HP: 20/20 MP: 7/9
  2360 | D:3      | Reached skill level 3 in Dodging
  2360 | D:3      | Reached skill level 1 in Charms
  2622 | D:3      | Reached XP level 4. HP: 21/25 MP: 10/10
  3125 | D:4      | Found a staircase to the Ecumenical Temple.
  3140 | Temple   | Entered the Ecumenical Temple
  3232 | Temple   | Became a worshipper of Vehumet
  4002 | D:1      | Reached XP level 5. HP: 15/29 MP: 5/12
  5810 | D:3      | Reached skill level 4 in Dodging
  6164 | D:3      | Killed from afar by an orc priest

Illustrated notes

Levels and vault maps discovered:
D:1:      mrwooster_arrival_statue_2, layout_rooms
D:2:      layout_basic, okawaru_gym_becter, hangedman_ru_absence
D:3:      layout_loops_ring, kiku_gazebo_pond_becter, serial_undead,
          serial_undead_b, serial_undead_c, serial_undead_e, serial_undead_a,
          serial_undead_c, serial_undead_b, serial_undead_a, serial_undead_d,
          grunt_decor_clamped, uniq_terence
D:4:      layout_cave_pools, minmay_temple_entry_nine_rooms, first_ration,
          kennysheep_generic_room_4, uniq_blork_the_orc
Temple:   compressed_dpeg_circular_temple

Skill      XL: |  1  2  3  4  5 |
---------------+----------------+-----
Long Blades    | 2 3 |  3.7
Dodging        | 3 4 |  4.0
Charms         | 1 2 |  2.3
Fighting       | |  1.5
Throwing       | |  1.1
Armour         | |  0.7
Spellcasting   | |  3.7
Translocations | |  3.7

Action                   |  1- 3 |  4- 6 || total
-------------------------+-------+-------++-------
Melee: Falchion          |   176 |   185 ||   361
Throw: Boomerang         |       |    10 ||    10
 Cast: Shroud of Golubri |    23 |    35 ||    58
       Blink             |       |     1 ||     1
  Use: Potion            |     2 |     1 ||     3
       Scroll            |       |     7 ||     7
 Stab: Sleeping          |     1 |       ||     1
  Eat: Chunk             |     7 |     8 ||    15
       Ration            |       |     1 ||     1
Armor: Skin              |    13 |     3 ||    16
       Robe              |       |    24 ||    24
       Leather armour    |       |     9 ||     9
Dodge: Dodged            |   151 |   138 ||   289
       Rpst.: Falchion   |    49 |    47 ||    96
